 Dungeon Crawl Stone Soup version 0.23.2-1-ga50397a6bc (webtiles) character file.

Game seed: 2999680228068094462

185 Goodini51 the Bolt Thrower (level 5, 0/32 HPs)
             Began as a Kobold Hunter on May 27, 2019.
             Slain by an orc
             ... wielding a +0 whip
              (4 damage)
             ... on level 3 of the Dungeon.
             The game lasted 00:09:29 (2650 turns).

Goodini51 the Bolt Thrower (Kobold Hunter)          Turns: 2650, Time: 00:09:30

Health: 0/32       AC:  3    Str:  9    XL:     5   Next: 96%
Magic:  5/5        EV: 15    Int: 13    God:
Gold:   128        SH:  0    Dex: 16    Spells: 4/4 levels left

rFire    + . .     SeeInvis .   a - +1 hand crossbow
rCold    + . .     Gourm    .   (shield restricted)
rNeg     . . .     Faith    .   c - +0 leather armour
rPois    .         Spirit   .   (no helmet)
rElec    .         Reflect  .   v - scarf {rC+ rF+}
rCorr    .         Harm     .   (no gloves)
MR       .....                  (no boots)
Stlth    ++........             (no amulet)
HPRegen  0.10/turn              (no ring)
MPRegen  0.09/turn              (no ring)

@: no status effects
A: small, carnivore
a: no special abilities


You were on level 3 of the Dungeon.
You were full.

You visited 1 branch of the dungeon, and saw 4 of its levels.

You collected 128 gold pieces.

Inventory:

Hand Weapons
 a - a +1 hand crossbow (weapon)
 j - a +2 dagger of venom
 t - a +4 quarterstaff of chaos
Missiles
 b - 13 poisoned needles
 d - 5 bolts (quivered)
 g - 4 needles of confusion
 i - 73 arrows
Armour
 c - a +0 leather armour (worn)
 u - a +0 cloak
 v - a scarf of resistance (worn)
Wands
 s - a wand of polymorph (6)
Scrolls
 e - 3 scrolls of teleportation {unknown}
 h - 3 scrolls of identify {unknown}
 l - 3 scrolls of remove curse {unknown}
 n - 4 scrolls of amnesia {unknown}
 o - a scroll of enchant armour {unknown}
 p - a scroll of magic mapping {unknown}
 q - a scroll of enchant weapon {unknown}
Potions
 k - a potion of mutation {unknown}
 m - a potion of haste {unknown}
 r - a potion of brilliance {unknown}
 w - 2 potions of magic {unknown}
Comestibles
 f - 4 rations


   Skills:
 + Level 2.8 Fighting
 + Level 1.8 Short Blades
 * Level 7.0 Crossbows
 + Level 1.0 Armour
 + Level 2.6 Dodging
 + Level 2.1 Stealth


You had 4 spell levels left.
You didn't know any spells.
Your spell library was empty.

Dungeon Overview and Level Annotations

Branches:
Dungeon (4/15)
 Temple: D:4-7

Altars:
Yredelemnul


Innate Abilities, Weirdness & Mutations

You are small and have problems with some larger weapons.
You are carnivorous and can eat meat at any time.


Message History

Firing (i - inventory)
d - 8 bolts (quivered)
Press: ? - help, Shift-Dir - straight line, f/p - orc priest
Aim: an orc priest, wielding a +0 flail and wearing a +0 scale mail You shoot a bolt.
The bolt hits the orc priest!
The orc priest is heavily wounded.
Firing (i - inventory)
d - 7 bolts (quivered)
Press: ? - help, Shift-Dir - straight line, f/p - orc priest
Aim: an orc priest, wielding a +0 flail and wearing a +0 scale mail (heavily wounded)
You shoot a bolt. The bolt hits the orc priest.
The orc priest is severely wounded.
The orc hits you with a +0 whip. The orc misses you.
Firing (i - inventory)
d - 6 bolts (quivered)
Press: ? - help, Shift-Dir - straight line, f/p - orc priest
Aim: an orc priest, wielding a +0 flail and wearing a +0 scale mail (severely wounded)
You shoot a bolt. The bolt closely misses the orc priest.
The orc priest invokes the aid of Beogh against you.
Beogh smites you!
* * * LOW HITPOINT WARNING * * *
The orc hits you with a +0 whip.
You die...

. ..( . .#.( .## #.((.
..###.(#.# #....o....
....(...#####
###.............
#..@o....#.....##
#...............###
##.........$.......##
.###................#...
..<..................#
.##..................#
....#................#
..##.................#
.##.......##.......#.###


You could see an orc priest and an orc.

Vanquished Creatures
  A hound (D:2)
  Crazy Yiuf (D:2)
  A worker ant (D:3)
  A gnoll (D:3)
  3 adders
  2 worms (D:2)
  A dart slug (D:1)
  3 orcs (D:3)
  2 bats
  4 giant cockroaches
  6 goblins
  5 hobgoblins
  8 jackals
  6 kobolds
  2 quokkas (D:3)
  2 ball pythons
  5 frilled lizards
  4 rats (D:1)
57 creatures vanquished.

Notes
Turn   | Place    | Note
-------+----------+-------------------------------------------
     0 | D:1      | Goodini51 the Kobold Hunter began the quest for the Orb.
     0 | D:1      | Reached XP level 1. HP: 12/12 MP: 1/1
     8 | D:1      | Reached skill level 5 in Crossbows
   125 | D:1      | Reached XP level 2. HP: 17/17 MP: 2/2
   245 | D:1      | Reached XP level 3. HP: 6/21 MP: 3/3
   807 | D:1      | Reached skill level 6 in Crossbows
  1479 | D:2      | Found a basalt altar of Yredelemnul.
  1513 | D:2      | Reached skill level 1 in Short Blades
  1513 | D:2      | Reached XP level 4. HP: 27/27 MP: 4/4
  1681 | D:2      | Found a runed translucent door.
  1682 | D:2      | Noticed Crazy Yiuf
  1690 | D:2      | Killed Crazy Yiuf
  1690 | D:2      | Reached XP level 5. HP: 31/31 MP: 5/5
  2607 | D:3      | Reached skill level 7 in Crossbows
  2607 | D:3      | Reached skill level 1 in Armour
  2650 | D:3      | Slain by an orc

Skill      XL: |  1  2  3  4  5 |
---------------+----------------+-----
Crossbows      | 5 6 7 |  7.0
Short Blades   | 1 |  1.8
Stealth        | 2 |  2.1
Armour         | 1 |  1.0
Fighting       | |  2.8
Dodging        | |  2.6

Action                   |  1- 3 |  4- 6 || total
-------------------------+-------+-------++-------
Melee: Dagger            |    59 |     6 ||    65
 Fire: Hand crossbow     |    29 |    73 ||   102
 Stab: Sleeping          |     1 |       ||     1
  Eat: Chunk             |     1 |     9 ||    10
Armor: Leather armour    |    11 |    16 ||    27
Dodge: Dodged            |    62 |    37 ||    99
